Unix NetHack Version 5.0.0-0 post-release - last build May  3 2026 23:40:34 (9823c992c0763bbd039eca2974112f46eaf799b3,branch:main).

Game began 2026-05-04 14:59:14, ended 2026-05-04 15:13:32.

GdeVolpiano, neutral female human Monk

                                           ------
                                           +....+
                                           |....|
                                      +-----....-
                                       .........
                                        -.......-
                                        |{......|
                                        |.......|
                                        |......@-
                                        |....{....
                                        -- --------

GdeVolpiano the Novice          St:18/04 Dx:15 Co:10 In:10 Wi:11 Ch:10  Neutral
Dlvl:6  $:40 HP:0(24) Pw:21(21) AC:4  Xp:4 T:1714 

Latest messages:
 You swap places with Winston.
 You can't go up here.
 You swap places with Winston.
 You climb up the stairs.
 Where do you want to travel to?
 (For instructions type a '?')
 You swap places with Winston.
 You swap places with Winston.
 You descend the stairs.
 You hear crashing rock.
 You kill the gnome!
 You see here a gnome corpse.
 The gnome lord misses!
 You hit the gnome lord!
 You kill the gnome lord!
 Welcome to experience level 4.
 You hear crashing rock.
 You are beginning to feel weak.
 There is a gnome corpse here; eat it? [ynq] (n)
 What do you want to eat? [fhi or ?*]
 This orange is delicious!
 You only feel hungry now.
 There is a gnome corpse here; eat it? [ynq] (n)
 What do you want to eat? [fhi or ?*]
 This orange is delicious!
 U - a scroll labeled MAPIRO MAHAMA DIROMAT.
 You see here a gnome lord corpse.
 You hear crashing rock.
 A trap door in the ceiling opens and a rock falls on your head!
 You hear an F note squeak in the distance.
 You hear some noises in the distance.
 You hear crashing rock.
 Really step onto that falling rock trap? [yn] (n)
 There is a falling rock trap here.
 You see here a rock.
 A trap door in the ceiling opens and a rock falls on your head!
 A trap door opens up under you!
 In what direction?
 The spear misses the dwarf.
 The dwarf wields a pick-axe!
 You hit the dwarf!
 The dwarf zaps a runed wand!
 The dwarf has made a hole in the floor.
 The dwarf falls through...
 Really step into that hole? [yn] (n)
 p - an uncursed spear (at the ready).
 There's a gaping hole under you!
 You die...
 Do you want your possessions identified? [ynq] (y)
 Do you want to see your attributes? [ynq] (y)

Inventory:
 Coins    ('$')
  $ - 40 gold pieces
 Weapons  (')')
  p - a +0 spear (at the ready)
 Armor    ('[')
  a - a blessed +2 pair of leather gloves (being worn)
  b - an uncursed +1 robe (being worn)
 Comestibles  ('%')
  f - 4 uncursed food rations
  i - 3 uncursed fortune cookies
  h - 3 uncursed oranges
 Scrolls  ('?')
  U - an uncursed scroll of teleportation
 Spellbooks  ('+')
  I - an uncursed spellbook of haste self
 Potions  ('!')
  d - 2 blessed potions of healing
  e - an uncursed potion of healing
 Rings    ('=')
  J - an uncursed ring of searching (on right hand)
  u - an uncursed ring of see invisible
 Wands    ('/')
  o - a blessed wand of magic missile (0:6)
  E - a wand of teleportation (0:6)

GdeVolpiano the Monk's attributes:

Background:
 You were a Novice, a level 4 female human Monk.
 You were neutral, on a mission for Chih Sung-tzu
 who was opposed by Shan Lai Ching (lawful) and Huan Ti (chaotic).
 You were right-handed.
 You were in the Gnomish Mines, on level 6.
 You entered the dungeon 1714 turns ago.
 There was a full moon in effect when your adventure ended.
 You had 80 experience points, 80 more were needed to attain level 5.

Basics:
 You had 0 out of 24 hit points.
 You had all 21 energy points (spell power).
 Your armor class was 4.
 Your wallet contained 40 zorkmids.
 Autopickup was on for '$?!/="+' plus thrown, with exceptions.

Final Characteristics:
 Your strength was 18/04 (limit:18/100).
 Your dexterity was 15 (limit:18).
 Your constitution was 10 (limit:18).
 Your intelligence was 10 (limit:18).
 Your wisdom was 11 (limit:18).
 Your charisma was 10 (limit:18).

Final Status:
 You weren't hungry.
 You were unencumbered.
 You were empty handed.
 You had basic skill with martial arts.

Final Attributes:
 You were devoutly aligned.
 You were sleep resistant.
 You were poison resistant.
 You saw invisible.
 You had automatic searching.
 You were guarded.
 Your spell casting was enhanced by wearing a robe.
 You were fast.
 You were lucky.
 You are dead.

Miscellaneous:
 You didn't encounter any bones levels.
 Total elapsed playing time was 14 minutes and 16 seconds.

Major events:
 Turn
    1: GdeVolpiano the neutral female human Monk entered the dungeon
  855: attained the rank of Novice (level 3)
 1049: entered the Gnomish Mines
 1714: reached Mine Town
 1714: killed by falling down a mine shaft

Spells:
 Name                 Level Category     Fail Retention
 confuse monster        1   enchantment    0%  76%-100%
 jumping                1   escape         0%  76%-100%

Skills:
 Fighting Skills
   martial arts       [Basic]
 Weapon Skills
   quarterstaff       [Unskilled]
   spear              [Unskilled]
   crossbow           [Unskilled]
   shuriken           [Unskilled]
 Spellcasting Skills
   attack spells      [Unskilled]
   healing spells     [Basic]
   divination spells  [Unskilled]
   enchantment spells [Unskilled]
   clerical spells    [Unskilled]
   escape spells      [Unskilled]
   matter spells      [Unskilled]

Voluntary challenges:
 Character rerolling was not enabled.
 You followed a strict vegan diet.
 You never hit with a wielded weapon.
 You never genocided any monsters.
 You never polymorphed an object.
 You never changed form.
 You used no wishes.
Achievements:
 You entered a shop.
 You attained the rank of Novice.
 You entered the Gnomish Mines.
 You entered Minetown.

 The Dungeons of Doom: levels 1 to 4
    Level 1:
       An altar, a fountain, a sink.
    Level 2:
       A general store.
    Level 3:
       Some fountains, a sink.
       Stairs down to The Gnomish Mines.
    Level 4:
 The Gnomish Mines: levels 4 to 6
    Level 4:
    Level 5:
    Level 6: <- You were here.
       Some fountains.
       Final resting place for
          you, killed by falling down a mine shaft.


Vanquished creatures:
  a gnome leader
  a floating eye
  a large kobold
  2 giant rats
  2 gnomes
  2 geckos
  2 jackals
  a fox
  a goblin
  4 grid bugs
  4 lichens
  4 newts
25 creatures vanquished.

No species were genocided or became extinct.

Game over:
                       ----------
                      /          \
                     /    REST    \
                    /      IN      \
                   /     PEACE      \
                  /                  \
                  |   GdeVolpiano    |
                  |      40 Au       |
                  |    killed by     |
                  |  falling down a  |
                  |    mine shaft    |
                  |                  |
                  |       2026       |
                 *|     *  *  *      | *
        _________)/\\_//(\/(/\)/\//\/|_)_______

Goodbye GdeVolpiano the Monk...

You died in The Gnomish Mines on dungeon level 6 with 606 points,
and 40 pieces of gold, after 1714 moves.
You were level 4 with a maximum of 24 hit points when you died.

